 Dungeon Crawl Stone Soup version 0.19.0-22-gd96e5fe (webtiles) character file.

149 esc the Vandal (level 5, -2/78 HPs)
             Began as a Halfling Hunter on Nov 18, 2016.
             Slain by an orc
             ... wielding a +0 war axe
              (5 damage)
             ... on level 4 of the Dungeon.
             The game lasted 00:05:34 (2300 turns).

esc the Vandal (Halfling Hunter)                    Turns: 2300, Time: 00:05:35

Health: -2/78      AC: 22    Str: 15 (18) XL:     5   Next: 56%
Magic:  5/5        EV:  3    Int: 11 (14) God:
Gold:   142        SH:  0    Dex: 18 (21) Spells: 0 memorised, 4 levels left

rFire  . . .     SeeInvis .     a - +1 hunting sling
rCold  . . .     Gourm    .     (armour currently unavailable)
rNeg   + + +     Faith    .     (shield restricted)
rPois  +         Spirit   .     (helmet currently unavailable)
rElec  .         Reflect  .     (cloak currently unavailable)
rCorr  .         Harm     .     (gloves currently unavailable)
MR     .....     NoTele   +     (boots currently unavailable)
Stlth  ..........               (no amulet)
                                (no ring)
                                r - +2 ring of evasion

@: mighty, brilliant, agile, berserking, tree-form, very quick
A: mutation resistance 1
a: no special abilities


You were on level 4 of the Dungeon.
You were not hungry.
You were a tree.
You visited 1 branch of the dungeon, and saw 4 of its levels.

You collected 142 gold pieces.

Inventory:

Hand Weapons
 a - a +1 hunting sling (weapon)
 b - a +0 short sword
Missiles
 d - 17 sling bullets
 j - 84 stones (quivered)
 m - 17 poisoned needles
Armour
 c - a +0 leather armour (melded)
 o - a +0 pair of gloves (melded)
   (You found it on level 2 of the Dungeon)
Jewellery
 r - a +2 ring of evasion (left branch)
   (You found it on level 2 of the Dungeon)
Wands
 x - a wand of enslavement (3/24)
   (You found it on level 3 of the Dungeon)
Scrolls
 g - a scroll of teleportation {unknown}
 h - a scroll of noise {unknown}
 k - a scroll of remove curse {unknown}
 u - a scroll of recharging {unknown}
 y - a scroll of immolation {unknown}
 z - a scroll of identify {unknown}
Potions
 i - a potion of ambrosia {unknown}
 l - a potion of brilliance
 q - 3 potions of might
Comestibles
 f - a bread ration {@e1}
 w - 2 chunks of flesh {@w0}


   Skills:
 + Level 2.6 Fighting
 + Level 2.7 Short Blades
 + Level 6.7 Slings
 + Level 3.6 Dodging
 - Level 1.1 Stealth


You had 4 spell levels left.
You didn't know any spells.

Dungeon Overview and Level Annotations

Branches:
Dungeon (4/15)
 Temple: D:4-7

Altars:
Qazlal
Trog
Yredelemnul
The Shining One

Annotations:
D:3 dscm's ghost, weakling OpEE


Innate Abilities, Weirdness & Mutations

You are small and have problems with some larger weapons.
You are somewhat resistant to further mutation.


Message History

The puff of flame misses you.
The orc shouts! x2
The orc closely misses you.
The orc wizard mumbles some strange words.
The orc wizard blinks!
Dscm's ghost casts a spell at you. The rocky blast hits you!
The orc wizard hits you with a dagger.
You take 6 damage, and have 29/35 hp.
The orc closely misses you.
The orc wizard mumbles some strange words.
The orc wizard seems to speed up.
The orc wizard casts a spell.
The orc wizard seems to speed up.
The orc wizard hits you with a dagger. The orc barely misses you.
You take 1 damage, and have 29/35 hp.
The orc wizard hits you with a dagger.
Some of the chunks of flesh in your inventory have rotted away.
You take 4 damage, and have 25/35 hp.
The orc wizard looks satisfied for a moment.
The orc wizard casts a spell.
The orc wizard casts a spell at you. The puff of frost misses you.
There is a stone staircase leading down here.
The orc wizard hits you but does no damage.
The orc closely misses you. Dscm's ghost hits you.
The orc wizard casts a spell at you. The magic dart hits you!
You climb downwards.
You hear the sound of rushing water.
There is an entrance to a sewer on this level.
Hurry and find it before the portal rusts away! 2 orcs come into view.
Found 17 gold pieces.
Found an escape hatch in the ceiling.
There is a stone staircase leading up here.
You take 11 damage, and have 14/35 hp.
MASSIVE DAMAGE!!
Unknown command.
Unknown command.
Unknown command.
The orc wizard completely misses you.
The orc shouts!
The orc wizard gestures at you while chanting.
The magic dart hits you!
* * * LOW HITPOINT WARNING * * *
The orc moves out of view.
You take 6 damage, and have 8/35 hp.
The orc barely misses you.
The orc wizard casts a spell.
An adder comes into view.
The adder hisses angrily.
It was a potion of might.
You feel very mighty all of a sudden. The orc hits you with a war axe.
* * * LOW HITPOINT WARNING * * *
You take 4 damage, and have 4/35 hp.
Okay, then.
It was a potion of cure mutation.
It has a very clean taste.
The orc misses you.
It was a potion of brilliance.
You feel clever all of a sudden.
The orc wizard casts a spell.
The orc wizard blinks!
The orc completely misses you.
An adder comes into view.
It was a potion of degeneration.
There was something very wrong with that liquid.
You feel weakened.
You feel dopey.
You feel clumsy.
The adder moves out of view.
The adder closely misses you. The orc misses you.
An orc comes into view. It is wielding a hand axe.
Unknown command.
Unknown command.
Unknown command.
Unknown command.
It was a potion of lignification.
You turn into a tree.
Your +0 pair of gloves melds into your body.
Your +0 leather armour melds into your body.
Your roots penetrate the ground.
The orc shouts!
The adder bites you.
* * * LOW HITPOINT WARNING * * *
The orc hits you with a war axe.
* * * LOW HITPOINT WARNING * * *
You now have 1/52 hp.
Okay, then.
Unknown command.
Unknown command.
It was a potion of agility.
You feel agile all of a sudden. The adder bites you but does no damage.
The adder barely misses you.
An orc comes into view. It is wielding a flail.
It was a potion of flight.
Your roots keep you in place.
The orc hits you but does no damage.
The orc wizard casts a spell.
The orc wizard blinks!
The adder bites you but does no damage.
It was a potion of berserk rage.
A red film seems to cover your vision as you go berserk!
You feel yourself moving faster!
You feel mighty!
The orc shouts!
The orc hits you with a war axe.
You die...

#.####.# #.#....$
.....<.####.
...........
#.$..... .. #
#...###$... ...
#..o.oo...o
#....####o..#####.#
......S♣ooo.#
#...######..# .
#..... #.####.# #.#
#.# #.# .#


You could see an orc wizard, an adder and 6 orcs.

Vanquished Creatures
  An orc wizard (D:3)
  6 adders
  3 worms (D:2)
  A leopard gecko (D:1)
  2 orcs (D:3)
  3 giant cockroaches
  7 goblins
  6 hobgoblins
  2 jackals (D:1)
  2 ball pythons
  10 bats
  2 frilled lizards
  5 kobolds
  8 rats
58 creatures vanquished.

Notes
Turn   | Place    | Note
-------+----------+-------------------------------------------
     0 | D:1      | esc the Halfling Hunter began the quest for the Orb.
     0 | D:1      | Reached XP level 1. HP: 14/14 MP: 1/1
   101 | D:1      | Reached skill level 1 in Short Blades
   101 | D:1      | Reached skill level 6 in Slings
   128 | D:1      | Reached XP level 2. HP: 19/19 MP: 2/2
   420 | D:1      | Reached skill level 2 in Fighting
   475 | D:1      | Reached XP level 3. HP: 24/24 MP: 3/3
  1160 | D:2      | Reached skill level 3 in Dodging
  1160 | D:2      | Reached XP level 4. HP: 29/30 MP: 4/4
  1729 | D:3      | Found a glowing golden altar of the Shining One.
  1738 | D:3      | Found a stormy altar of Qazlal.
  1738 | D:3      | Found a basalt altar of Yredelemnul.
  1777 | D:3      | Reached XP level 5. HP: 35/35 MP: 5/5
  1789 | D:2      | Reached skill level 2 in Short Blades
  2032 | D:3      | Found a bloodstained altar of Trog.
  2178 | D:3      | Noticed dscm's ghost (weakling OpEE)
  2290 | D:4      | HP: 8/35 [orc wizard/magic dart (7)]
  2297 | D:4      | HP: 3/52 [adder (3)]
  2297 | D:4      | HP: 1/52 [orc/war axe (2)]
  2300 | D:4      | Slain by an orc

Skill      XL: |  1  2  3  4  5 |
---------------+----------------+-----
Short Blades   | 1 2 |  2.7
Slings         | 6 |  6.7
Fighting       | 2 |  2.6
Dodging        | 3 |  3.6
Stealth        | |  1.1

Action                   |  1- 3 |  4- 6 || total
-------------------------+-------+-------++-------
 Fire: Hunting sling     |   125 |    73 ||   198
  Use: Potion            |       |     8 ||     8
  Eat: Chunk             |     1 |     3 ||     4
Armor: Leather armour    |    10 |     6 ||    16
       Skin              |       |     3 ||     3
Dodge: Dodged            |    28 |    32 ||    60

Vault maps used:
D:1:      minmay_arrival_cross
D:3:      nicolae_overflow_hidden_temple
D:4:      gup_sewer_entry_spiral, hangedman_decor_clover_reticule

Table legend:
 A = Turns spent in this place as a percentage of turns spent in the entire game.
 B = Non-inter-level travel turns spent in this place as a percentage of non-inter-level travel turns spent in the entire game.
 C = Inter-level travel turns spent in this place as a percentage of turns spent in this place.
 D = Turns resting spent in this place as a percentage of non-inter-level travel turns spent in this place.
 E = Turns spent auto-exploring this place as a percentage of non-inter-level travel turns spent in this place.
 F = Non-inter-level travel turns spent in this place divided by the number of levels of this place that you've seen.
                   A       B       C       D       E      F
               +-------+-------+-------+-------+-------+----------------------
         Total | 100.0 | 100.0 |   0.5 |   0.6 |  13.0 | 161.0
       Dungeon | 100.0 | 100.0 |   0.5 |   0.6 |  13.0 | 161.0
               +-------+-------+-------+-------+-------+----------------------

Table legend:
 A = Kills in this place as a percentage of kills in entire the game.
 B = Kills by you in this place as a percentage of kills by you in the entire game.
 C = Kills by friends in this place as a percentage of kills by friends in the entire game.
 D = Other kills in this place as a percentage of other kills in the entire game.
 E = Experience gained in this place as a percentage of experience gained in the entire game.
 F = Experience gained in this place divided by the number of levels of this place that you have seen.
                   A       B       C       D       E      F
               +-------+-------+-------+-------+-------+----------------------
         Total | 100.0 | 100.0 |  -nan |  -nan | 100.0 |  53.2
       Dungeon | 100.0 | 100.0 |  -nan |  -nan | 100.0 |  53.2
               +-------+-------+-------+-------+-------+----------------------
